 Dungeon Crawl Stone Soup version 0.20.0-15-g7f486f2 (webtiles) character file.

1432 tof the Spear-Bearer (level 8, -14/62 HPs)
             Began as a Merfolk Gladiator on June 24, 2017.
             Was a Believer of Okawaru.
             Demolished by an orc warrior
             ... wielding a +0 dire flail
              (15 damage)
             ... on level 6 of the Dungeon.
             The game lasted 00:13:17 (7309 turns).

tof the Spear-Bearer (Merfolk Gladiator)            Turns: 7309, Time: 00:13:18

Health: -14/62     AC:  6    Str: 16    XL:     8   Next: 73%
Magic:  8/8        EV: 15    Int:  8    God:    Okawaru [**....]
Gold:   249        SH:  0    Dex: 15    Spells: 7/7 levels left

rFire    + . .     SeeInvis .   q - +3 spear
rCold    . . .     Gourm    .   (no shield)
rNeg     . . .     Faith    .   o - +0 ring mail
rPois    .         Spirit   .   c - +0 helmet
rElec    .         Reflect  .   (no cloak)
rCorr    .         Harm     .   (no gloves)
MR       .....                  (no boots)
Stlth    +.........             w - amulet of magic regeneration
Regen    0.2/turn               e - ring of protection from fire
MPRegen  0.2/turn               (no ring)

@: no status effects
A: change form in water, swift swim, stealthy swim
a: Heroism, Renounce Religion


You were on level 6 of the Dungeon.
You worshipped Okawaru.
Okawaru was pleased with you.
You were not hungry.

You visited 1 branch of the dungeon, and saw 6 of its levels.

You collected 249 gold pieces.

Inventory:

Hand Weapons
 q - a +3 spear (weapon)
Missiles
 d - 3 throwing nets
 v - 2 tomahawks of returning (quivered)
Armour
 c - a +0 helmet (worn)
 o - a +0 ring mail (worn)
Jewellery
 e - a ring of protection from fire (left hand)
 w - an amulet of magic regeneration (around neck)
Wands
 b - a wand of disintegration (10/24)
Scrolls
 a - 6 scrolls of fear
 h - a scroll of fog
 j - 2 scrolls of remove curse
 k - a scroll of enchant armour
 l - 2 scrolls of enchant weapon
 r - 3 scrolls of teleportation {unknown}
 y - a scroll of identify
 C - a scroll of amnesia
Potions
 i - 4 potions of brilliance {unknown}
 m - 3 potions of degeneration {unknown}
 n - 2 potions of berserk rage {unknown}
 p - 2 potions of curing {unknown}
 s - 2 potions of flight {unknown}
 t - a potion of invisibility {unknown}
 u - a potion of haste {unknown}
 x - a potion of ambrosia {unknown}
 A - a potion of magic {unknown}
 B - a potion of lignification {unknown}
Comestibles
 f - 5 bread rations
 g - 2 meat rations
 z - a royal jelly
 D - 2 chunks of flesh


   Skills:
 + Level 5.1 Fighting
 * Level 9.7 Polearms
 + Level 4.7 Throwing
 + Level 2.7 Armour
 + Level 7.0 Dodging


You had 7 spell levels left.
You didn't know any spells.

Dungeon Overview and Level Annotations

Branches:
Dungeon (6/15)             Temple (0/1) D:6

Altars:
Ashenzari
Nemelex Xobeh
Okawaru
Ru
Uskayaw


Message History

* * * LOW HITPOINT WARNING * * *
The orc warrior closely misses you.
You hit the orc warrior.
The orc warrior is severely wounded.
An orc comes into view. It is wielding a dagger.
You hit the orc warrior but do no damage.
The orc warrior is severely wounded.
The orc warrior barely misses you.
You closely miss the orc warrior.
The orc warrior is severely wounded.
You hit the orc warrior but do no damage.
The orc warrior is severely wounded.
The orc warrior hits you with a dire flail!
* * * LOW HITPOINT WARNING * * *
You barely miss the orc warrior.
The orc warrior is severely wounded.
You hit the orc warrior but do no damage.
The orc warrior is severely wounded.
The orc warrior hits you with a dire flail!
You die...

o# ># o# .# .# .#
######.# #.@oooo#
###########.######
#.............#
#.#############
#.# #.# #.# #)#
#.######


You could see an orc warrior, an orc priest and 2 orcs.

Vanquished Creatures
  The ghost of Overlord the Ruffian, an amateur DrTm (D:4)
  Edmund (D:5)
  A water moccasin (D:6)
  3 ogres
  A centaur (D:5)
  A crimson imp (D:6)
  A centaur zombie (D:6)
  A centaur skeleton (D:4)
  3 hounds
  A jelly (D:5)
  A quasit (D:5)
  A bullfrog zombie (D:5)
  2 orc wizards
  3 orc priests
  Terence (D:3)
  3 worker ants
  2 worker ant zombies
  9 adders
  3 worms
  2 dart slugs
  4 leopard geckos
  21 orcs
  A ball python (D:3)
  8 bats
  7 giant cockroaches
  6 hobgoblins
  12 jackals
  6 kobolds
  2 quokkas
  6 frilled lizards
  8 goblins
  5 rats
127 creatures vanquished.

Vanquished Creatures (others)
  A giant cockroach (D:4)
1 creature vanquished.

Grand Total: 128 creatures vanquished

Notes
Turn   | Place    | Note
-------+----------+-------------------------------------------
     0 | D:1      | tof the Merfolk Gladiator began the quest for the Orb.
     0 | D:1      | Reached XP level 1. HP: 16/16 MP: 1/1
    65 | D:1      | Reached XP level 2. HP: 23/23 MP: 2/2
   466 | D:1      | Reached XP level 3. HP: 21/28 MP: 3/3
   637 | D:1      | Reached skill level 5 in Polearms
  1114 | D:2      | Reached XP level 4. HP: 15/34 MP: 4/4
  1454 | D:2      | Found a hide-covered altar of Uskayaw.
  1652 | D:2      | Found a sacrificial altar of Ru.
  1833 | D:3      | Reached skill level 1 in Armour
  1833 | D:3      | Reached XP level 5. HP: 41/41 MP: 5/5
  1994 | D:3      | Reached skill level 5 in Dodging
  2074 | D:3      | Noticed Terence
  2087 | D:3      | Killed Terence
  2497 | D:4      | Found an iron altar of Okawaru.
  2580 | D:4      | Became a worshipper of Warmaster Okawaru
  2685 | D:4      | Reached skill level 6 in Polearms
  2810 | D:4      | Reached XP level 6. HP: 29/47 MP: 6/6
  3259 | D:4      | Noticed Overlord's ghost (amateur DrTm)
  3854 | D:4      | Killed Overlord's ghost
  3854 | D:4      | Reached * piety under Okawaru
  3854 | D:4      | Reached skill level 7 in Polearms
  3854 | D:4      | Reached XP level 7. HP: 22/54 MP: 7/7
  4341 | D:4      | Found a shattered altar of Ashenzari.
  4788 | D:4      | Found a sparkling altar of Nemelex Xobeh.
  4804 | D:5      | Entered Level 5 of the Dungeon
  4890 | D:5      | Reached skill level 8 in Polearms
  5031 | D:5      | Reached ** piety under Okawaru
  5495 | D:5      | Reached XP level 8. HP: 43/61 MP: 8/8
  5514 | D:5      | Noticed Edmund
  5541 | D:5      | Killed Edmund
  6143 | D:5      | Reached skill level 9 in Polearms
  6360 | D:6      | Found a staircase to the Ecumenical Temple.
  7001 | D:6      | Reached skill level 5 in Fighting
  7307 | D:6      | HP: 1/62 [orc warrior/dire flail (17)]
  7309 | D:6      | Demolished by an orc warrior

Skill      XL: |  1  2  3  4  5  6  7  8 |
---------------+-------------------------+-----
Polearms       | 5 6 7 8 9 |  9.7
Fighting       | 3 4 5 |  5.1
Armour         | 1 2 |  2.7
Dodging        | 5 6 7 |  7.0
Throwing       | 3 4 |  4.7

Action                   |  1- 3 |  4- 6 |  7- 9 || total
-------------------------+-------+-------+-------++-------
Melee: Trident           |   126 |    16 |       ||   142
       Spear             |       |   285 |   256 ||   541
Throw: Tomahawk          |       |     2 |    13 ||    15
  Use: Scroll            |       |     4 |     4 ||     8
  Eat: Chunk             |     1 |     9 |     2 ||    12
       Royal jelly       |       |       |     1 ||     1
       Bread ration      |       |       |     2 ||     2
Armor: Leather armour    |    14 |       |       ||    14
       Ring mail         |    11 |    68 |    32 ||   111
Dodge: Dodged            |    81 |   162 |    82 ||   325
